AoeStats
← BYoooo

Black Forest

510386981Analyzed
2v2 RM · 1d ago on Sep 30, 2026· 29m 46s· 4 players
Game mode
Random Map
Map size
Medium (4 player)
Population
200
Speed
Normal
Resources
Standard
Victory
Conquest
Starting age
Dark Age
Ending age
Imperial Age
RankedLock teamsTeams togetherTeam positionsShared explorationLock speedFull tech treeHidden civsTurbo modeCheats
Victory
Defeat
🇩🇪 Franks · Germany
1000
+43
🇩🇪 Goths · Germany
866
+49
🇲🇽 Bengalis · Mexico
959
-17
🇵🇪 Celts · Peru
939
-43
BYoooo
12:13 Feudal Age
16:18 Double-Bit Axe
18:55 Castle Age
18:18 Stone Mining
20:14 Scale Barding Armor
24:06 Husbandry
25:58 Gold Mining
29:35 Fletching
Lord_of_Larshof
3:41 Loom
10:17 Feudal Age
10:58 Double-Bit Axe
10:44 Man-at-Arms
13:32 Gold Mining
17:43 Fletching
20:12 Wheelbarrow
19:25 Horse Collar
24:08 Castle Age
23:10 Stone Mining
26:29 Stone Shaft Mining
26:19 Crossbowman
26:22 Long Swordsman
29:42 Bow Saw
avilareall
11:12 Feudal Age
15:36 Castle Age
LUMALI
11:24 Feudal Age
11:53 Double-Bit Axe
15:14 Horse Collar
16:52 Loom
17:03 Man-at-Arms
18:15 Loom
20:52 Scale Mail Armor
24:20 Fletching
24:30 Padded Archer Armor
24:44 Forging
25:27 Wheelbarrow
30:42 Castle Age
Connection lost

Rejoining the realm…

Still unreachable

The connection could not be restored.

Session expired

The server has moved on; the page needs a fresh start.